Unix NetHack Version 5.0.0-0 post-release - last build May 17 2026 04:57:42 (dc50c8380fa5e20985bfe3072449f57b8d9895ef,branch:main).

Game began 2026-05-20 17:50:15, ended 2026-05-20 18:06:04.

Brudee, lawful male human Knight

          -----------   ######################
          |.....d(..|   #----------------    #--------
          |.>..@:.d.|   #|..............|    #.....(.|          -------
          |....x....|  ##...............|     |......|          |.....|
          |..........####|........_.....|     |......|       #  |.....|
          |.........|### |..............|     |.......##########......|
          ---------+-#   ----------.-----     -----.--     ###  |.....|
                     #             #                       #    |.....|
                     #            ##                       #    |.....|
                     #            #                       ##    -------
                     #            #                 #######
                    ##            #      --.-----   #
            --------#      -------.--    +.%.(..|   #
            |......|#      |........|#   |.......####
            |......|#      |........-####...{...|
            |.....<-#      |........|#   --------
            --------       ----------

Brudee the Esquire       St:14 Dx:8 Co:12 In:8 Wi:16 Ch:17  Lawful S:540
Dlvl:4  $:40 HP:0(31) Pw:23(23) AC:3  Xp:3/70 T:1139 

Latest messages:
 You miss the red naga hatchling.
 The saddled pony hits the red naga hatchling.
 The saddled pony bites the red naga hatchling.
 The red naga hatchling bites the saddled pony.
 The red naga hatchling bites!
 You climb up the stairs.
 You stop waiting.
 The giant rat bites!
 You miss the giant rat.
 You miss the giant rat.
 The giant rat misses!
 You miss the giant rat.
 The giant rat bites!
 You miss the giant rat.
 The giant rat misses!
 You miss the giant rat.
 You miss the giant rat.
 You miss the giant rat.
 The giant rat just misses!
 You hit the giant rat.
 The giant rat bites!
 You miss the giant rat.
 You hit the giant rat.
 You miss the giant rat.
 The giant rat misses!
 You miss the giant rat.
 The giant rat bites!
 You miss the giant rat.
 The giant rat misses!
 You miss the giant rat.
 The giant rat bites!
 You miss the giant rat.
 The giant rat misses!
 You kill the giant rat!
 What do you want to use or apply? [inqsL or ?*] i
 p - an expensive camera.
 The iguana bites!
 You miss the iguana.
 You miss the iguana.
 The grid bug bites!
 You avoid harm.
 The iguana bites!
 You hit the iguana.
 You hit the iguana.
 The grid bug bites!
 You get zapped!
 The jackal bites!
 You die...
 Do you want your possessions identified? [ynq] (y) y
 Do you want to see your attributes? [ynq] (y) q

Inventory:
 Coins    ('$')
  $ - 40 gold pieces
 Amulets  ('"')
  B - an uncursed amulet of flying
 Weapons  (')')
  I - 11 +0 darts
  E - a +0 elven dagger
  w - a +0 orcish dagger
  K - the +1 Demonbane (weapon in right hand)
 Armor    ('[')
  d - an uncursed +0 helmet (being worn)
  f - an uncursed +0 pair of leather gloves (being worn)
  e - an uncursed +0 small shield (being worn)
  c - an uncursed +1 ring mail (being worn)
 Comestibles  ('%')
  t - an uncursed slime mold
  g - 10 uncursed apples
  h - 12 uncursed carrots
  D - an uncursed lembas wafer
 Scrolls  ('?')
  m - an uncursed scroll of identify
 Potions  ('!')
  A - an uncursed potion of fruit juice
  G - a cursed potion of gain level
 Wands    ('/')
  L - a wand of secret door detection (0:11)
 Tools    ('(')
  i - an uncursed bag of holding containing 2 items
  s - an uncursed leather drum
  p - an expensive camera (0:38)
  n - an uncursed magic whistle
  q - an uncursed stethoscope
 Gems/Stones  ('*')
  H - an uncursed worthless piece of blue glass

Contents of the bag of holding:
  a blessed +1 lance
  a magic marker (0:42)

Brudee the Knight's attributes:

Background:
 You were an Esquire, a level 3 male human Knight.
 You were lawful, on a mission for Lugh
 who was opposed by Brigit (neutral) and Manannan Mac Lir (chaotic).
 You were right-handed.
 You were in the Dungeons of Doom, on level 4.
 You entered the dungeon 1139 turns ago.
 You had 70 experience points, 10 more were needed to attain level 4.
 Your score was 540 before end-of-game adjustments.

Basics:
 You had 0 out of 31 hit points.
 You had all 23 energy points (spell power).
 Your armor class was 3.
 Your wallet contained 40 zorkmids.
 Autopickup was on for '$!=+?/"' plus thrown.

Final Characteristics:
 Your strength was 14 (limit:18/100).
 Your dexterity was 8 (limit:18).
 Your constitution was 12 (limit:18).
 Your intelligence was 8 (limit:18).
 Your wisdom was 16 (limit:18).
 Your charisma was 17 (limit:18).

Final Status:
 You weren't hungry.
 You were unencumbered.
 You were wielding a mace.
 You were unskilled in mace.

Final Attributes:
 You were devoutly aligned.
 You could jump.
 You were warded.
 You were fast.
 You were lucky.
 You are dead.

Miscellaneous:
 You didn't encounter any bones levels.
 Total elapsed playing time was 15 minutes and 47 seconds.

Major events:
 Turn
    1: Brudee the lawful male human Knight entered the dungeon
  758: attained the rank of Esquire (level 3)
  926: was bestowed with Demonbane by Lugh
 1139: killed by a jackal

You didn't know any spells.

Skills:
 Fighting Skills
   bare handed combat [Unskilled]
   two weapon combat  [Unskilled]
   riding             [Basic]
 Weapon Skills
   dagger             [Unskilled]
   knife              [Unskilled]
   axe                [Unskilled]
   pick-axe           [Unskilled]
   short sword        [Unskilled]
   broadsword         [Unskilled]
   long sword         [Basic]
   two-handed sword   [Unskilled]
   saber              [Unskilled]
   club               [Unskilled]
   mace               [Unskilled]
   morning star       [Unskilled]
   flail              [Unskilled]
   hammer             [Unskilled]
   polearms           [Unskilled]
   spear              [Unskilled]
   trident            [Unskilled]
   lance              [Basic]
   bow                [Unskilled]
   crossbow           [Unskilled]
 Spellcasting Skills
   attack spells      [Unskilled]
   healing spells     [Unskilled]
   clerical spells    [Unskilled]

Voluntary challenges:
 Character rerolling was not enabled.
 You never genocided any monsters.
 You never polymorphed an object.
 You never changed form.
 You used no wishes.
Achievements:
 You entered a shop.
 You attained the rank of Esquire.

 The Dungeons of Doom: levels 1 to 5
    Level 1:
       A fountain.
    Level 2:
       A tool shop, an altar to Lugh, a fountain.
    Level 3:
       A fountain, a sink.
    Level 4: <- You were here.
       An altar to Lugh, a fountain.
       Final resting place for
          you, killed by a jackal.
    Level 5:


Vanquished creatures:
  a homunculus
  a kobold leader
 an iguana
  2 gas spores
  2 hobbits
  2 giant rats
  a gecko
  a jackal
  a kobold
  2 goblins
  a sewer rat
  a grid bug
  4 lichens
  a kobold zombie
  4 newts
25 creatures vanquished.

No species were genocided or became extinct.

Game over:
                       ----------
                      /          \
                     /    REST    \
                    /      IN      \
                   /     PEACE      \
                  /                  \
                  |      Brudee      |
                  |      40 Au       |
                  |   killed by a    |
                  |      jackal      |
                  |                  |
                  |                  |
                  |       2026       |
                 *|     *  *  *      | *
        _________)/\\_//(\/(/\)/\//\/|_)_______

Fare thee well Brudee the Knight...

You died in The Dungeons of Doom on dungeon level 4 with 536 points,
and 40 pieces of gold, after 1139 moves.
You were level 3 with a maximum of 31 hit points when you died.

